AoeStats
← AloneArcher

Four Lakes

509448294Analyzed
1v1 RM · 7d ago on Sep 26, 2026· 53m 40s· 2 players
Game mode
Random Map
Map size
Tiny (2 player)
Population
200
Speed
Normal
Resources
Standard
Victory
Conquest
Starting age
Dark Age
Ending age
Imperial Age
RankedLock teamsTeams togetherTeam positionsShared explorationLock speedFull tech treeHidden civsTurbo modeCheats
Victory
Defeat
🇦🇷 Persians · Argentina
800
+16
🇹🇷 Turks · Türkiye
801
-16
mapaori01
9:09 Loom
11:05 Feudal Age
17:10 Castle Age
15:08 Double-Bit Axe
15:07 Horse Collar
17:42 Bloodlines
18:25 Husbandry
25:09 Gold Mining
29:44 Wheelbarrow
33:15 Imperial Age
31:15 Murder Holes
32:02 Padded Archer Armor
31:54 Fletching
33:30 Kamandaran
33:03 Crossbowman
34:37 Leather Archer Armor
34:47 Ballistics
36:05 Thumb Ring
35:59 Bodkin Arrow
38:37 Conscription
39:44 Ring Archer Armor
40:42 Bow Saw
43:18 Chemistry
43:10 Cavalier
44:41 Scale Barding Armor
44:47 Forging
47:08 Chain Barding Armor
47:24 Iron Casting
49:35 Plate Barding Armor
51:12 Heavy Plow
51:30 Hand Cart
53:26 Blast Furnace
AloneArcher
10:47 Feudal Age
11:51 Double-Bit Axe
12:22 Man-at-Arms
14:58 Horse Collar
16:32 Fishing Lines
20:59 Castle Age
19:13 Gold Mining
19:55 Arson
21:50 Bow Saw
23:34 Gillnets
24:51 Bloodlines
26:31 Heavy Plow
31:36 Wheelbarrow
34:45 Imperial Age
34:21 Masonry
35:02 Hand Cart
34:33 Town Watch
34:34 Loom
35:09 Stone Mining
37:02 Gold Shaft Mining
37:45 Two-Man Saw
39:46 Conscription
45:11 Heavy Camel Rider
50:07 Long Swordsman
Connection lost

Rejoining the realm…

Still unreachable

The connection could not be restored.

Session expired

The server has moved on; the page needs a fresh start.